 Dungeon Crawl Stone Soup version 0.31.0-11-ge490571c62 (webtiles) character file.

Game seed: 17304583673860011640

2291 sanka the Basher (level 9, -10/52 HPs)
             Began as a Gargoyle Fighter on Jan 27, 2024.
             Was an Initiate of the Shining One.
             Killed from afar by an acid dragon (15 damage)
             ... with a splash of acid
             ... on level 6 of the Dungeon.
             The game lasted 00:10:31 (6403 turns).

sanka the Basher (Gargoyle Fighter)                 Turns: 6403, Time: 00:10:32

Health: -10/52     AC: 18    Str: 21    XL:     9   Next: 40%
Magic:  9/9        EV:  7    Int:  8    God:    the Shining One [......]
Gold:   426        SH:  4    Dex: 13    Spells: 8/8 levels left

rFire   . . .        b - +3 flail (protect)
rCold   + . .        c - +0 buckler
rNeg    + . .        x - +3 chain mail {rC+}
rPois   ∞            j - +2 helmet
rElec   +            i - +0 cloak
rCorr   .            (no gloves)
SInv    .            (no boots)
Will    .....        (no amulet) Stlth
                     (no ring)
HPRegen 0.28/turn    (no ring)
MPRegen 0.11/turn

%: no passive effects
@: corroded, under a protective aura, glowing
A: sickness immunity, AC +6, negative energy resistance 1, electricity
resistance, torment resistance 1, petrification resistance
a: Renounce Religion


You were on level 6 of the Dungeon.
You worshipped the Shining One.
The Shining One was noncommittal.
You visited 2 branches of the dungeon, and saw 7 of its levels.

You collected 426 gold pieces.


Innate Abilities, Weirdness & Mutations

You are immune to sickness and miasma.
Your stone body is resilient. (AC +6)
You are immune to poison.
You resist negative energy. (rN+)
You are resistant to electric shocks. (rElec)
You are resistant to unholy torment.
You are immune to petrification.


   Skills:
 + Level 4.4 Fighting
 - Level 12.0 Maces & Flails
 + Level 3.7 Armour
 - Level 3.2 Shields


You had 8 spell levels left.
You didn't know any spells.
Your spell library contained the following spells:

 Spells                   Type           Power      Damage    Failure   Level
 Slow                     Hex            0%         N/A       98%         1
 Scorch                   Fire           0%         2d5       99%         2
 Confusing Touch          Hex            0%         N/A       100%        3
 Dazzling Flash           Conj/Hex       0%         N/A       100%        3
 Mephitic Cloud           Conj/Alch/Air  0%         N/A       100%        3
 Sigil of Binding         Hex            0%         N/A       100%        3
 Vampiric Draining        Necr           0%         2d6       100%        3
 Flame Wave               Conj/Fire      0%         2d4       100%        4
 Curse of Agony           Necr           0%         N/A       100%        5
 Silence                  Hex/Air        0%         N/A       100%        5
 Summon Cactus Giant      Summ           0%         N/A       100%        6

Inventory:

Hand Weapons
 a - a +0 morningstar
 b - a +3 flail of protection (weapon)
Armour
 c - a +0 buckler (worn)
 i - a +0 cloak (worn)
 j - a +2 helmet (worn)
 x - a +3 chain mail of cold resistance (worn)
Wands
 s - a wand of digging (8)
Scrolls
 e - 9 scrolls of identify {unknown}
 f - 4 scrolls of teleportation {unknown}
 h - 2 scrolls of noise {unknown}
 k - 3 scrolls of fog {unknown}
 n - a scroll of blinking {unknown}
 o - a scroll of butterflies {unknown}
 p - a scroll of silence {unknown}
 r - 3 scrolls of revelation {unknown}
 v - a scroll of vulnerability {unknown}
 y - a scroll of immolation {unknown}
 z - 2 scrolls of torment {unknown}
 A - a scroll of amnesia {unknown}
Potions
 d - a potion of might
 g - a potion of degeneration {unknown}
 l - a potion of brilliance {unknown}
 m - a potion of enlightenment {unknown}
 q - a potion of invisibility {unknown}
 t - a potion of curing {unknown}
 u - a potion of lignification {unknown}
 w - a potion of mutation {unknown}
 C - a potion of heal wounds {unknown}

Dungeon Overview and Level Annotations

Branches:
Dungeon (6/15)             Temple (1/1) D:5

Altars:
Ashenzari
Cheibriados
Dithmenos
Elyvilon
Fedhas
Gozag
Hepliaklqana
Kikubaaqudgha
Makhleb
Nemelex Xobeh
Okawaru
Ru
Sif Muna
Trog
Uskayaw
Vehumet
Wu Jian
Xom
Yredelemnul
Zin
The Shining One

▒▒▒▒▒▒▒▒▒▒▒▒▒▒▒▒
▒.....†........▒
▒▒▒▒▒▒.....▒▒▒▒▒▒▒▒.▒
▒▒...▒▒.....▒ .. ▒.▒
▒.....▒.....▒... ▒.▒
▒.....'.(8.oo.o.
▒▒.▒▒▒▒ ▒.....▒.....▒
▒...... ▒▒...▒▒.8.h.▒
▒▒▒▒▒▒. ▒▒▒▒▒▒▒▒D▒▒▒
▒. ...▒ ▒. .....▒ ▒.
▒.....▒ ▒. ▒.▒▒▒▒▒▒▒▒
▒.....▒ ▒. ▒........▒
▒▒...▒▒ ▒.
▒▒▒▒▒▒▒▒.▒▒▒▒▒▒▒▒▒▒▒
▒. ................
▒.


You could see a black bear, an acid dragon (catching breath), an orc wizard and
2 orcs.


Message History

The acid dragon bites you but does no damage.
The acid dragon claws you but does no damage.
Unknown command.
You barely miss the acid dragon.
The acid dragon is severely wounded.
Something unseen opens the door.
An orc comes into view. It is wielding a +0 mace.
A black bear comes into view.
The acid dragon bites you but does no damage.
You block the acid dragon's attack.
The black bear growls angrily.
You hit the acid dragon but do no damage.
The acid dragon is severely wounded.
An orc comes into view. It is wielding a +0 whip.
The acid dragon spits acid at you. The splash of acid hits you.
* * * LOW HITPOINT WARNING * * *
An orc wizard comes into view. It is wielding a +0 dagger.
You closely miss the acid dragon.
The acid dragon is severely wounded.
An orc wizard comes into view. It is wielding a +0 dagger.
The acid dragon bites you but does no damage.
The acid dragon claws you.
* * * LOW HITPOINT WARNING * * *
Unknown command.
You hit the acid dragon but do no damage.
The acid dragon is severely wounded.
The acid dragon spits acid at you. The splash of acid hits you!
You die...

Action                     |  1- 3 |  4- 6 |  7- 9 || total
---------------------------+-------+-------+-------++-------
  Melee: Flail             |   131 |   236 |   135 ||   502
         Morningstar       |       |       |   171 ||   171
    Use: Potion            |       |       |     2 ||     2
 Armour: Scale mail        |   147 |   226 |   132 ||   505
         Chain mail        |       |       |    85 ||    85
  Dodge: Dodged            |   108 |   144 |   107 ||   359
  Block: Buckler           |    64 |    68 |    46 ||   178

Levels and vault maps discovered:
D:1:      dpeg_arrival_erosion, layout_basic
D:2:      layout_basic, uniq_terence, uniq_natasha, uniq_crazy_yiuf_cottage
D:3:      layout_basic, serial_undead, serial_undead_e, serial_undead_d,
          serial_undead_b, serial_undead_d, dk_noncrumbling_4,
          wander_ebering_terrifying_dragon_lair, uniq_robin
D:4:      minmay_general_purpose_star, layout_layer_cave, kennysheep_mini,
          serial_bayou, serial_bayou_crossing, serial_bayou_pond_e,
          serial_bayou_pond_b, serial_bayou_pond_b
D:5:      layout_basic, minmay_temple_entry_mini_moons, uniq_edmund
D:6:      layout_basic, minivault_11, minmay_three_doors
Temple:   mainiacjoe_temple_big_plus

Notes
Turn   | Place    | Note
-------+----------+-------------------------------------------
     0 | D:1      | sanka the Gargoyle Fighter began the quest for the Orb.
     0 | D:1      | Reached XP level 1. HP: 14/14 MP: 1/1
   160 | D:1      | Reached XP level 2. HP: 17/19 MP: 2/2
   413 | D:1      | Reached XP level 3. HP: 24/24 MP: 3/3
   454 | D:1      | Reached skill level 4 in Fighting
   830 | D:2      | Noticed Terence
   832 | D:2      | Reached skill level 3 in Maces & Flails
   858 | D:2      | HP: 2/24 [Terence/+0 hand axe (3)]
   966 | D:2      | Killed Terence
   967 | D:2      | Reached XP level 4. HP: 20/29 MP: 4/4
  1015 | D:2      | Reached skill level 4 in Maces & Flails
  1087 | D:2      | Noticed Natasha
  1095 | D:2      | Killed Natasha
  1096 | D:2      | Reached XP level 5. HP: 21/33 MP: 5/5
  1279 | D:2      | Noticed Natasha
  1284 | D:2      | Reached skill level 5 in Maces & Flails
  1293 | D:2      | Killed Natasha
  1443 | D:2      | Found a runed translucent door.
  1444 | D:2      | Noticed Crazy Yiuf
  1485 | D:2      | Noticed Natasha
  1490 | D:2      | Killed Natasha
  1615 | D:2      | Killed Crazy Yiuf
  1616 | D:2      | Reached XP level 6. HP: 36/38 MP: 6/6
  1681 | D:3      | Noticed Robin
  1720 | D:3      | Killed Robin
  1751 | D:3      | Reached skill level 6 in Maces & Flails
  2949 | D:4      | Reached skill level 7 in Maces & Flails
  2949 | D:4      | Reached XP level 7. HP: 36/43 MP: 7/7
  3582 | D:5      | Entered Level 5 of the Dungeon
  3780 | D:4      | Reached skill level 8 in Maces & Flails
  4295 | D:5      | Reached XP level 8. HP: 45/48 MP: 8/8
  4370 | D:5      | Noticed Edmund
  4398 | D:5      | Killed Edmund
  4399 | D:5      | Reached skill level 9 in Maces & Flails
  4836 | D:5      | Found a staircase to the Ecumenical Temple.
  4851 | Temple   | Entered the Ecumenical Temple
  4890 | Temple   | Became a worshipper of the Shining One
  5011 | D:5      | Reached skill level 10 in Maces & Flails
  5516 | D:4      | Found a hazy altar of Hepliaklqana.
  5905 | D:6      | Reached skill level 11 in Maces & Flails
  6094 | D:6      | Reached XP level 9. HP: 52/52 MP: 9/9
  6185 | D:6      | Noticed a boulder beetle
  6228 | D:6      | Killed a boulder beetle
  6229 | D:6      | Reached skill level 12 in Maces & Flails
  6402 | D:6      | HP: 5/52 [acid dragon (4)]
  6403 | D:6      | Killed from afar by an acid dragon

Vanquished Creatures
  A boulder beetle (D:6)
  Edmund (D:5)
  3 ogres
  A phantom (D:5)
  4 scorpions
  A bombardier beetle (D:5)
  2 orc priests (D:4)
  4 hounds
  2 jellies (D:6)
  Crazy Yiuf (D:2)
  5 iguanas
  2 sleepcaps
  Terence (D:2)
  Natasha (thrice) (D:2)
  7 orc wizards
  A hound zombie (D:3)
  Robin (D:3)
  11 adders
  A white imp (D:6)
  2 adder skeletons (D:3)
  5 dart slugs
  3 ribbon worms
  21 orcs
  3 bats (D:1)
  6 endoplasms
  4 giant cockroaches
  12 goblins
  10 hobgoblins
  6 jackals
  5 quokkas
  6 ball pythons
  A ball python skeleton (D:3)
  6 frilled lizards
  5 kobolds
  4 rats
151 creatures vanquished.
